 Dungeon Crawl Stone Soup version 0.16.1-11-g651b585 (webtiles) character file.

25 jacksonaction the Conjurer (level 2, 0/20 HPs)
             Began as a Demigod Conjurer on Apr 3, 2015.
             Slain by a bat (1 damage)
             ... on level 1 of the Dungeon.
             The game lasted 00:05:29 (1334 turns).

jacksonaction the Conjurer (Demigod Conjurer)       Turns: 1334, Time: 00:05:29

Health: 0/20       AC:  2    Str: 11    XL:     2   Next: 63%
Magic:  0/4        EV: 12    Int: 19    God:
Gold:   84         SH:  0    Dex: 16    Spells: 2 memorised, 1 level left

rFire  . . .     SeeInvis .     (no weapon)
rCold  . . .     Clarity  .     a - +0 robe
rNeg   . . .     SustAb   +     (no shield)
rPois  .         Gourm    .     (no helmet)
rElec  .         Spirit   .     (no cloak)
rCorr  .         Warding  .     (no gloves)
rMut   .         Stasis   .     (no boots)
MR     .....                    (no amulet)
Stlth  ++........               (no ring)
                                (no ring)

@: lethally poisoned (0 -> -7), very slightly contaminated, not resistant to
hostile enchantments, unstealthy
A: sustain abilities
a: no special abilities


You were on level 1 of the Dungeon.
You were hungry.

You visited 1 branch of the dungeon, and saw 2 of its levels.

You collected 84 gold pieces.

Inventory:

Missiles
 i - 23 stones (quivered)
Armour
 a - a +0 robe (worn)
Scrolls
 e - 3 scrolls of remove curse {unknown}
 f - a scroll of noise {unknown}
 g - a scroll of identify {unknown}
 k - a scroll of fog {unknown}
Books
 c - a book of Conjurations

   Spells                             Type                      Level
   a - Magic Dart                     Conjuration                  1
   b - Searing Ray                    Conjuration                  2
   c - Dazzling Spray                 Conjuration/Hexes            3
   d - Fulminant Prism                Conjuration/Hexes            4
   e - Iskenderun's Mystic Blast      Conjuration                  4
   f - Iskenderun's Battlesphere      Conjuration/Charms           5
Comestibles
 b - 2 bread rations
 h - 2 meat rations


   Skills:
 - Level 1.7 Dodging
 - Level 1.7 Stealth
 + Level 1.8 Spellcasting
 + Level 4.4 Conjurations


You had one spell level left.
You knew the following spells:

 Your Spells              Type           Power        Failure   Level  Hunger
a - Magic Dart            Conj           ###.         3%          1    #......
b - Searing Ray           Conj           ###...       6%          2    ###....


Dungeon Overview and Level Annotations

Branches:
Dungeon (2/15)


Innate Abilities, Weirdness & Mutations

Your attributes are resistant to harm.


Message History

* * * LOW HITPOINT WARNING * * *
Casting: Magic Dart
Confirm with . or Enter, or press ? or * to list all spells.
Aiming: Magic Dart
Press: ? - help, Shift-Dir - straight line, f/p - adder
Aim: an adder (moderately wounded)
The magic dart hits the adder.
The adder is severely wounded.
* * * LOW HITPOINT WARNING * * *
You feel sick. The bat closely misses you.
The adder bites you but does no damage.
Casting: Magic Dart
Confirm with . or Enter, or press ? or * to list all spells.
Aiming: Magic Dart
Press: ? - help, Shift-Dir - straight line, f/p - adder
Aim: an adder (severely wounded)
The magic dart hits the adder.
The adder is severely wounded.
The bat barely misses you. The adder closely misses you. The bat hits you.
You die...

#...# ##################### #...#
#.............####...
....#########.###########.#......
................#.......#.#.#.###
..#.#########.#)#.#####.#.#.#....
..#.#########.#.#.# #.#.#.#.#.(
#.#.........#.#.#.# #.#.#.#####
#.#########.#.#.#S### #.#.#......
..........#.#.#.@b..# #.#.######.
#.##......#.#.#.....# #.#.# #.
#.##..#####.#.#.....# #.#.# #.
#....†......#.#.....###'#.## #.
#############.#.#####......# #.
..............#.# #......#####.
##.....########)#####.)......(...
#.....#............#......######
#.....#.######.###.###..........


You could see an adder and a bat.

Vanquished Creatures
  5 bats (D:1)
  4 giant cockroaches (D:1)
  2 goblins
  2 hobgoblins (D:1)
  2 giant newts (D:1)
  5 kobolds (D:1)
  2 rats (D:1)
22 creatures vanquished.

Notes
Turn   | Place    | Note
--------------------------------------------------------------
     0 | D:1      | jacksonaction, the Demigod Conjurer, began the quest for the Orb.
     0 | D:1      | Reached XP level 1. HP: 14/14 MP: 3/3
   248 | D:1      | Reached skill level 4 in Conjurations
   583 | D:1      | Reached XP level 2. HP: 20/20 MP: 2/4
   590 | D:1      | Learned a level 2 spell: Searing Ray
   603 | D:1      | You fall through a shaft!
  1333 | D:1      | HP: 1/20 [poisoned by an adder]
  1334 | D:1      | Slain by a bat

Action                   || total
-------------------------++-------
Melee: Unarmed           ||    13
 Cast: Magic Dart        ||    46
  Use: Potion            ||     1
  Eat: Chunk             ||     1
